 Dungeon Crawl Stone Soup version 0.29.0-4-gdea44cf6ec (webtiles) character file.

Game seed: 6843588278137021228

243 qw the Chopper (level 6, 0/35 HPs)
             Began as a Tengu Warper on Aug 28, 2022.
             Slain by a hound (2 damage)
             ... on level 4 of the Dungeon.
             The game lasted 00:00:17 (3418 turns).

qw the Chopper (Tengu Warper)                       Turns: 3418, Time: 00:00:18

Health: 0/35       AC: 10    Str: 13    XL:     6   Next: 9%
Magic:  10/10      EV:  7    Int: 14    God:
Gold:   129        SH:  0    Dex: 13    Spells: 9/9 levels left

rFire   . . .      SeeInvis .   Y - +1 hand axe
rCold   . . .      Faith    .   (no shield)
rNeg    . . .      Spirit   .   j - +0 chain mail
rPois   +          Reflect  .   (helmet restricted)
rElec   .          Harm     .   g - +0 cloak
rCorr   .          Rampage  .   e - +0 pair of gloves
Will    .....                   (boots unavailable)
Stlth   ..........              (no amulet)
HPRegen 0.11/turn               f - ring of poison resistance
MPRegen 0.12/turn               (no ring)

@: flying quickly and evasively, quick
A: beak, talons 3, nimble flight
a: no special abilities


You were on level 4 of the Dungeon.
You visited 1 branch of the dungeon, and saw 4 of its levels.

You collected 129 gold pieces.


Innate Abilities, Weirdness & Mutations

You have a beak for a mouth.
You have claws for feet.
Your magical nature lets you fly swiftly and evasively.


   Skills:
 - Level 2.0 Fighting
 + Level 6.5 Axes
 - Level 1.0 Throwing
 - Level 2.1 Armour
 - Level 2.1 Dodging
 - Level 2.0 Spellcasting
 - Level 2.4 Translocations


You had 9 spell levels left.
You didn't know any spells.
Your spell library contained the following spells:

 Spells                   Type           Power      Damage    Failure   Level
 Blink                    Tloc           16%        N/A       99%         2
 Gell's Gravitas          Tloc           8%         N/A       100%        3
 Lesser Beckoning         Tloc           8%         N/A       100%        3
 Teleport Other           Tloc           8%         N/A       100%        3
 Manifold Assault         Tloc           8%         N/A       100%        5

Inventory:

Hand Weapons
 i - a +0 whip
 Y - a +1 hand axe (weapon)
Missiles
 h - 4 boomerangs (quivered)
Armour
 e - a +0 pair of gloves (worn)
 g - a +0 cloak (worn)
 j - a +0 chain mail (worn)
Jewellery
 c - a ring of ice
 f - a ring of poison resistance (left hand)
Potions
 a - 2 potions of curing
 d - a potion of cancellation

Dungeon Overview and Level Annotations

Branches:
Dungeon (4/15)
 Temple: D:4-7

Altars:
Nemelex Xobeh
Wu Jian


Message History

The hound bites you. The orc priest hits you with a +0 club.
You hit the orc priest. Your kick misses the orc priest.
The orc priest is severely wounded.
You hit the hound but do no damage. The hound barely misses you.
The orc priest calls down the wrath of Beogh upon you.
Beogh smites you! The hound bites you but does no damage.
You hit the orc priest.
The orc priest is severely wounded.
You hit the hound but do no damage.
The orc priest invokes the aid of Beogh against you.
You barely resist. The hound bites you but does no damage.
You hit the orc priest but do no damage.
The orc priest is severely wounded.
You closely miss the hound. The hound closely misses you.
The orc priest barely misses you.
You hit the orc priest but do no damage.
The orc priest is severely wounded.
You hit the hound but do no damage. The hound bites you.
The orc priest calls down the wrath of Beogh upon you.
Pain shoots through your body! The hound barely misses you.
You hit the orc priest. Your kick misses the orc priest.
The orc priest is almost dead.
You hit the hound. The hound bites you but does no damage.
The orc priest begins to cast a cantrip, but forgets the words!
You slash the orc priest!
You kill the orc priest!
You hit the hound. The hound closely misses you. x2
Your Armour skill increases to level 2!
You have reached level 6!
You hit the hound. Your kick misses the hound.
You peck the hound, but do no damage.
The hound is severely wounded.
The hound barely misses you.
You hit the hound. Your peck misses the hound.
The hound is severely wounded.
The hound bites you.
You die...

. #.###. ####> #.#.#.#
#.#.. #.#.#.# #.#.#
..## #.#.#.# #.#.##
.... .#.#.#.#.#.#.#....
.#.#.#.#.#.#.##..#
.#.#.#.#h#.#.#....#
.#.#.#.#@#.#.#.#...#.#
.#.#.#.#)#.#h#.#.......
.#o#.#.#.#.#.#.#.#####
.#.#.#.#.#o#.#.#.#<...#
#.#o#.#.#.#.#.#.#)#[#.#
#.#o#.#.#.#.#.#.#....#
#.#.#.#.#.#.#.#.##.## #
#.#.#.#.#.#.#.#.#.##.#
#.#.#.#.#.#.#.#.....#.#


You could see a hound.

Vanquished Creatures
  An orc priest (D:4)
  2 hounds
  A jelly (D:4)
  3 adders
  2 ufetubi
  A worm (D:3)
  9 orcs
  5 ball pythons
  3 endoplasms
  3 giant cockroaches
  5 goblins
  7 hobgoblins
  3 jackals (D:1)
  3 quokkas
  7 bats
  4 frilled lizards
  9 kobolds
  6 rats
74 creatures vanquished.

Notes
Turn   | Place    | Note
-------+----------+-------------------------------------------
     0 | D:1      | qw the Tengu Warper began the quest for the Orb.
     0 | D:1      | Reached XP level 1. HP: 12/12 MP: 4/4
     0 | D:1      | 0 ||| qw: Version: 0.1-a-89-g26bdef1
     0 | D:1      | 0 ||| qw: Game counter: 704
     0 | D:1      | 0 ||| qw: Always use a shield: true
     0 | D:1      | 0 ||| qw: God list: Okawaru
     0 | D:1      | 0 ||| qw: Allow faded altars: false
     0 | D:1      | 0 ||| qw: Do Orc after D:15 true
     0 | D:1      | 0 ||| qw: Do second Lair branch before Depths: true
     0 | D:1      | 0 ||| qw: Lair rune preference: random
     0 | D:1      | 0 ||| qw: Plans: Normal
     0 | D:1      | 0 ||| PLANNING D:1-11
    18 | D:1      | 18 ||| Stepping ~*~*~tactically~*~*~ (stealth).
    20 | D:1      | 20 ||| Stepping ~*~*~tactically~*~*~ (stealth).
    22 | D:1      | 22 ||| Stepping ~*~*~tactically~*~*~ (stealth).
    25 | D:1      | 25 ||| Stepping ~*~*~tactically~*~*~ (stealth).
   139 | D:1      | 139 ||| Stepping ~*~*~tactically~*~*~ (stealth).
   145 | D:1      | Reached XP level 2. HP: 17/17 MP: 6/6
   145 | D:1      | 145 ||| Stepping ~*~*~tactically~*~*~ (stealth).
   147 | D:1      | Reached skill level 3 in Axes
   612 | D:1      | 612 ||| Stepping ~*~*~tactically~*~*~ (stealth).
   791 | D:1      | 791 ||| READING scroll labelled TEEBIR EXKUPSI.
   792 | D:1      | 792 ||| READING scroll labelled VYBOVUIREE.
   795 | D:1      | 795 ||| DROPPING scroll of blinking.
   812 | D:2      | Reached XP level 3. HP: 21/21 MP: 7/7
  1009 | D:2      | 1009 ||| Stepping ~*~*~tactically~*~*~ (stealth).
  1012 | D:2      | 1012 ||| Stepping ~*~*~tactically~*~*~ (stealth).
  1133 | D:2      | Reached skill level 4 in Axes
  1914 | D:2      | 1914 ||| READING scroll labelled GANY FURENN.
  1915 | D:2      | 1915 ||| READING 2 scrolls labelled DINANERIMIB.
  1916 | D:2      | 1916 ||| DRINKING 2 bubbling dark potions.
  1917 | D:2      | 1917 ||| DROPPING scroll of immolation.
  2108 | D:3      | Reached XP level 4. HP: 26/26 MP: 8/8
  2142 | D:3      | HP: 6/26 [poisoned by an adder]
  2424 | D:3      | Found a faded altar of an unknown god.
  2502 | D:3      | Reached skill level 5 in Axes
  2765 | D:3      | Gained mutation: Your magical nature lets you fly swiftly
                  | and evasively. [Tengu growth]
  2765 | D:3      | Reached XP level 5. HP: 30/30 MP: 9/9
  2925 | D:3      | 2925 ||| DROPPING +0 club.
  2956 | D:3      | Found an ornate altar of the Wu Jian Council.
  2956 | D:3      | Found a sparkling altar of Nemelex Xobeh.
  3141 | D:3      | 3141 ||| UPGRADING to +0 pair of gloves.
  3146 | D:3      | 3146 ||| DROPPING orb of guile.
  3147 | D:3      | 3147 ||| DRINKING 2 red potions.
  3176 | D:4      | Reached skill level 6 in Axes
  3196 | D:4      | 3196 ||| Stepping ~*~*~tactically~*~*~ (stealth).
  3197 | D:4      | 3197 ||| Stepping ~*~*~tactically~*~*~ (stealth).
  3207 | D:4      | 3207 ||| Stepping ~*~*~tactically~*~*~ (hiding).
  3208 | D:4      | 3208 ||| Stepping ~*~*~tactically~*~*~ (hiding).
  3209 | D:4      | 3209 ||| FLEEEEING.
  3210 | D:4      | 3210 ||| FLEEEEING.
  3211 | D:4      | 3211 ||| FLEEEEING.
  3212 | D:4      | 3212 ||| FLEEEEING.
  3213 | D:4      | 3213 ||| FLEEEEING.
  3214 | D:4      | 3214 ||| FLEEEEING.
  3215 | D:4      | 3215 ||| FLEEEEING.
  3217 | D:4      | 3217 ||| STAIRDANCE
  3272 | D:3      | 3272 ||| UPGRADING to +0 cloak.
  3277 | D:3      | 3277 ||| UPGRADING to ring of poison resistance.
  3281 | D:4      | 3281 ||| STAIRDANCE
  3336 | D:4      | 3336 ||| STAIRDANCE
  3383 | D:3      | 3383 ||| UPGRADING to +0 chain mail.
  3393 | D:3      | 3393 ||| DROPPING +0 leather armour.
  3402 | D:4      | 3402 ||| Stepping ~*~*~tactically~*~*~ (hiding).
  3403 | D:4      | 3403 ||| Stepping ~*~*~tactically~*~*~ (hiding).
  3404 | D:4      | 3404 ||| Stepping ~*~*~tactically~*~*~ (hiding).
  3405 | D:4      | 3405 ||| Stepping ~*~*~tactically~*~*~ (hiding).
  3414 | D:4      | HP: 5/30 [hound (4)]
  3414 | D:4      | HP: 1/30 [orc priest/nerve-wracking pain (4)]
  3417 | D:4      | Reached XP level 6. HP: 1/35 MP: 10/10
  3418 | D:4      | Slain by a hound

Levels and vault maps discovered:
D:1:      dpeg_arrival_rooms_c, layout_basic, hangedman_decor_growths
D:2:      layout_basic, grunt_decor_junction
D:3:      layout_basic, gammafunk_temple_overflow_elements,
          dreamdust_ecumenical_altar_statues
D:4:      minmay_evil_eye, layout_basic, bloody_makhleb

Skill      XL: |  1  2  3  4  5 |
---------------+----------------+-----
Axes           | 3 4 5 6 |  6.5
Armour         | 2 |  2.1
Fighting       | |  2.0
Throwing       | |  1.0
Dodging        | |  2.1
Spellcasting   | |  2.0
Translocations | |  2.4

Action                   |  1- 3 |  4- 6 || total
-------------------------+-------+-------++-------
Melee: Hand axe          |    83 |    91 ||   174
       Kick              |    20 |    22 ||    42
       Peck              |     6 |    10 ||    16
       Punch             |     2 |       ||     2
Throw: Boomerang         |     7 |    12 ||    19
  Use: Scroll            |     4 |       ||     4
       Potion            |     1 |     1 ||     2
Armor: Leather armour    |     8 |    26 ||    34
       Chain mail        |       |     7 ||     7
Dodge: Dodged            |    39 |    69 ||   108

Table legend:
 A = Non-vault XP
 B = Vault XP
 C = Vault XP percentage of total XP
 D = Non-vault monster count
 E = Vault monster count
 F = Vault count percentage of total count
                 A         B        C        D         E       F
            +---------+---------+-------+---------+---------+-------
      Total |     348 |       0 |   0.0 |      74 |       0 |   0.0
            +---------+---------+-------+---------+---------+-------
        D:1 |      32 |       0 |   0.0 |      19 |       0 |   0.0
        D:2 |      42 |       0 |   0.0 |      18 |       0 |   0.0
        D:3 |     128 |       0 |   0.0 |      30 |       0 |   0.0
        D:4 |     146 |       0 |   0.0 |       7 |       0 |   0.0
            +---------+---------+-------+---------+---------+-------
